 Dungeon Crawl Stone Soup version 0.30.1 (webtiles) character file.

Game seed: 412998861011485969

21 SNESPrime the Trooper (level 2, -1/27 HPs)
             Began as a Draconian Berserker on July 10, 2023.
             Was a Follower of Trog.
             Slain by a gnoll
             ... wielding a +0 spear
              (2 damage)
             ... on level 3 of the Dungeon on July 11, 2023.
             The game lasted 00:06:56 (517 turns).

SNESPrime the Trooper (Draconian Berserker)          Turns: 517, Time: 00:06:57

Health: -1/27      AC:  4    Str: 19    XL:     2   Next: 62%
Magic:  2/2        EV: 13    Int:  7    God:    Trog [*.....]
Gold:   62         SH:  0    Dex: 16    Spells: 1/1 levels left

rFire   . . .        a - +1 hand axe
rCold   . . .        (no shield)
rNeg    . . .        (body armour unavailable)
rPois   .            (helmet restricted)
rElec   .            (no cloak)
rCorr   .            (no gloves)
SInv    .            (no boots)
Will    .....        f - amulet of regeneration
Stlth   ++           d - +6 ring of dexterity
HPRegen 1.04/turn    (no ring)
MPRegen 0.08/turn

%: no passive effects
@: no status effects
A: AC +4, unfitting armour, cold-blooded
a: Renounce Religion, Berserk


You were on level 3 of the Dungeon.
You worshipped Trog.
Trog was aware of your devotion.
You visited 1 branch of the dungeon, and saw 3 of its levels.

You collected 62 gold pieces.

Inventory:

Hand Weapons
 a - a +1 hand axe (weapon)
Jewellery
 d - a +6 ring of dexterity (left hand)
 f - an amulet of regeneration (around neck)
Scrolls
 e - 4 scrolls of vulnerability
Potions
 b - a potion of lignification {unknown}
 c - 2 potions of curing {unknown}


   Skills:
 + Level 3.6 Fighting
 + Level 3.1 Axes
 + Level 3.1 Dodging
 + Level 0.2 Stealth


You had one spell level left.
You didn't know any spells.
Your spell library was empty.

Dungeon Overview and Level Annotations

Branches:
Dungeon (3/15)

Altars:

Shops:
D:3 (


Innate Abilities, Weirdness & Mutations

Your plain brown scales are hard. (AC +4)
You cannot fit into any form of body armour.
You are cold-blooded and may be slowed by cold attacks.


Message History

The gnoll moves out of view.
Found a scroll labelled RAEMED QIEFU.
A kobold comes into view. It is wielding a +0 rapier.
A gnoll comes into view. It is wielding a +0 whip.
The kobold shouts!
You hear a shout!
A gnoll comes into view. It is wielding a +0 whip.
A gnoll comes into view. It is wielding a +0 spear.
The gnoll moves out of view.
Found a stone staircase leading down.
The kobold throws a stone.
The stone hits you but does no damage.
Found a short sword.
The gnoll shouts!
You hear a shout! x2
The kobold throws a stone.
The stone hits you but does no damage.
Found a book of Debilitation.
The kobold barely misses you. The gnoll hits you with a +0 spear.
The kobold closely misses you.
You slash the kobold!
You kill the kobold!
Trog accepts your kill.
You hit the gnoll but do no damage. You hit the gnoll.
The gnoll barely misses you.
The gnoll hits you from afar with a +0 spear.
Things that are here:
a +0 rapier; a stone You closely miss the gnoll.
You barely miss the gnoll. The gnoll hits you with a +0 whip.
The gnoll barely misses you. The gnoll hits you but does no damage.
You closely miss the gnoll. You tail-slap the gnoll.
The gnoll is moderately wounded.
You barely miss the gnoll. The gnoll hits you with a +0 whip. x2
The gnoll hits you from afar with a +0 spear.
You hit the gnoll.
The gnoll is heavily wounded.
You hit the gnoll but do no damage.
The gnoll hits you from afar with a +0 spear!
* * * LOW HITPOINT WARNING * * *
You closely miss the gnoll. You completely miss the gnoll.
The gnoll hits you with a +0 whip.
* * * LOW HITPOINT WARNING * * *
The gnoll hits you from afar with a +0 spear.
You die...

...# # g..# # #. ..#
#.#.# ..# #.....
#.### .:.)..######
#...#
#..?g@...####.#.##
#...#g.....##.8.8## #
#....g##.#.....∩..#.#
##>.####.#....8.8...#
#.. ..#.##.#..####
... ####.<..##.# ..##
#..####.# ##.
#.......# # #.))#####


You could see 3 gnolls.

Vanquished Creatures
  5 orcs (D:3)
  2 endoplasms (D:1)
  4 kobolds
  A ball python (D:1)
  2 bats
  2 frilled lizards
16 creatures vanquished.

Notes
Turn   | Place    | Note
-------+----------+-------------------------------------------
     0 | D:1      | SNESPrime the Draconian Berserker began the quest for the
                  | Orb.
     0 | D:1      | Reached XP level 1. HP: 19/19 MP: 1/1
   401 | D:2      | Reached XP level 2. HP: 26/26 MP: 2/2
   436 | D:3      | Found Vaox's Weapon Shop.
   517 | D:3      | HP: 1/27 [gnoll/+0 whip (6)]
   517 | D:3      | Slain by a gnoll

Illustrated notes

Levels and vault maps discovered:
D:1:      dpeg_arrival_houses_and_road, layout_loops_cross
D:2:      layout_basic, basic_altar
D:3:      layout_loops_cross, nzn_overflow_gifts_of_might_and_magic,
          serial_shops, nicolae_shop_tiny_statue_garden, minmay_misc_feat_x

Skill      XL: |  1 |
---------------+----+-----
Dodging        | 3 |  3.1
Fighting       | |  3.6
Axes           | |  3.1
Stealth        | |  0.2

Action                     || total
---------------------------++-------
  Melee: Hand axe          ||    32
         Tailslap          ||     4
    Use: Scroll            ||     2
         Potion            ||     1
   Stab: Sleeping          ||     1
 Armour: Skin              ||    16
  Dodge: Dodged            ||    33
